 Dungeon Crawl Stone Soup version 0.24.0-123-gd5b16e6ec5 (webtiles) character file.

Game seed: 4706967004006552289, levelgen mode: deterministic

4 vurker the Gusty (level 1, -6/7 HPs)
             Began as a Felid Air Elementalist on Feb 3, 2020.
             Mangled by a kobold
             ... wielding a +0 whip
              (7 damage)
             ... on level 1 of the Dungeon.
             The game lasted 00:00:29 (125 turns).

vurker the Gusty (Felid Air Elementalist)            Turns: 125, Time: 00:00:29

Health: -6/7       AC:  1    Str:  4    XL:     1   Next: 58%
Magic:  1/4        EV: 18    Int: 16    God:
Gold:   0          SH:  0    Dex: 16    Spells: 3/4 levels left
                                        Lives:  0   Deaths: 0

rFire    . . .     SeeInvis +   (weapon unavailable)
rCold    . . .     Gourm    .   (shield unavailable)
rNeg     . . .     Faith    .   (armour unavailable)
rPois    .         Spirit   .   (helmet unavailable)
rElec    .         Reflect  .   (cloak unavailable)
rCorr    .         Harm     .   (gloves unavailable)
MR       .....                  (boots unavailable)
Stlth    +++.......             (no amulet)
HPRegen  0.02/turn              (no ring)
MPRegen  0.09/turn              (no ring)

@: quick
A: very small, no armour, no weapons or thrown items, stealth, claws 1, fangs 3,
see invisible, carnivore, speed 1, shaggy fur 1, slow metabolism 1, sharp paws
a: no special abilities


You were on level 1 of the Dungeon.
You were not hungry.

You visited 1 branch of the dungeon, and saw 1 of its levels.

Inventory:

Comestibles
 e - a ration


   Skills:
 + Level 0.1 Fighting
 - Level 2.6 Dodging
 - Level 2.6 Stealth
 * Level 2.1 Spellcasting
 * Level 1.0 Conjurations
 * Level 2.7 Air Magic


You had 3 spell levels left.
You knew the following spells:

 Your Spells              Type           Power        Failure   Level  Hunger
a - Shock                 Conj/Air       #...         10%         1    #......

Your spell library contained the following spells:

 Spells                   Type           Power        Failure   Level  Hunger
 Swiftness                Chrm/Air       #.......     17%         2    ###....
 Static Discharge         Conj/Air       #.......     28%         3    ###....
 Airstrike                Air            ##........   54%         4    #####..
 Lightning Bolt           Conj/Air       #.........   95%         5    ######.


Dungeon Overview and Level Annotations

Branches:
Dungeon (1/15)

Altars:


Innate Abilities, Weirdness & Mutations

You cannot wear armour.
You are incapable of wielding weapons or throwing items.
Your paws allow you to move quietly. (Stealth)
You have sharp claws.
You have razor-sharp teeth.
You have supernaturally acute eyesight. (SInv)
You are carnivorous and can eat meat at any time.
You cover ground quickly.
You are covered in fur. (AC +1)
You have a slow metabolism.
Your sharp claws are effective at attacking unaware monsters.


Message History

a +0 dagger; a kobold corpse Drop what? 2/52 slots (_ for help) (? for menu, Esc to quit)
You remove your ring of see invisible.
You drop an uncursed ring of see invisible.
A bat comes into view.
A bat is nearby!
A bat is nearby!
Aim: a bat (resting)
The zap hits the bat.
You can't see any susceptible monsters within range! (Use Z to cast anyway.)
You can't see any susceptible monsters within range! (Use Z to cast anyway.)
You can't see any susceptible monsters within range! (Use Z to cast anyway.)
The bat is too close now for your liking.
A bat is nearby!
Aim: a bat (severely wounded) That beam is likely to hit you.
Continue anyway? [Y]es or [N]o only, please.
That beam is likely to hit you.
Continue anyway? [Y]es or [N]o only, please.
That beam is likely to hit you.
Continue anyway?
Okay, then.
A kobold comes into view. It is wielding a +0 whip.
The bat closely misses you.
Aim: a bat (severely wounded)
The zap hits the bat.
You kill the bat!
The kobold shouts!
Aim: a kobold, wielding a +0 whip The zap hits the kobold.
Aim: a kobold, wielding a +0 whip (moderately wounded)
The zap hits the kobold but does no damage.
You don't have enough magic to cast that spell.
You closely miss the kobold. The kobold hits you but does no damage.
You scratch the kobold. The kobold hits you but does no damage.
You barely miss the kobold. The kobold hits you with a +0 whip.
Ouch! That really hurt!
* * * LOW HITPOINT WARNING * * *
Things that are here:
an uncursed ring of see invisible; a +0 dagger; a kobold corpse
There is an open door here.
A kobold is nearby!
Aim: a kobold, wielding a +0 whip (moderately wounded)
The zap hits the kobold.
You don't have enough magic to cast that spell.
You are too injured to fight recklessly!
You are too injured to fight recklessly!
You are too injured to fight recklessly!
You completely miss the kobold. The kobold hits you with a +0 whip!
Ouch! That really hurt!
You die...

####### #.# #.#
####.....####.####.#
.........#.......÷.#
...###.............#
#...#.†......=...#
#.⌠.#.####...#.#.#
#.. #........#'#>..
≈≈##
≈.########K##### ≈≈≈
≈... ##..#@#..## ≈≈
≈≈... #.#(#.#.#.#
###≈. #..#...#..#
####.....####
+.....<.....+
####.....####
#..#...#..#
#.#.#.#.#.#
##..#.#..##


You could see a kobold.

Vanquished Creatures
  A goblin (D:1)
  A kobold (D:1)
  2 bats (D:1)
4 creatures vanquished.

Notes
Turn   | Place    | Note
-------+----------+-------------------------------------------
     0 | D:1      | vurker the Felid Air Elementalist began the quest for the
                  | Orb.
     0 | D:1      | Reached XP level 1. HP: 7/7 MP: 4/4
    41 | D:1      | Reached skill level 1 in Conjurations
   125 | D:1      | Mangled by a kobold

Levels and vault maps discovered:
D:1:      nzn_arrival_crosshair, layout_basic, chequers_jeans,
          dk_noncrumbling_3, fountainhead

Skill      XL: |  1 |
---------------+----+-----
Conjurations   | 1 |  1.0
Fighting       | |  0.1
Dodging        | |  2.6
Stealth        | |  2.6
Spellcasting   | |  2.1
Air Magic      | |  2.7

Action                   || total
-------------------------++-------
Melee: Unarmed           ||     9
 Cast: Shock             ||    11
  Eat: Chunk             ||     1
Armor: Skin              ||     3
Dodge: Dodged            ||     6
